 Dungeon Crawl Stone Soup version 0.21-a0-496-g696f58f (webtiles) character file.

2212 slep the Basher (level 9, 0/70 HPs)
             Began as a Demonspawn Wanderer on Nov 24, 2017.
             Was a Follower of Okawaru.
             Slain by a river rat (6 damage)
             ... summoned by Gastronok
             ... on level 8 of the Dungeon.
             The game lasted 00:37:12 (7899 turns).

slep the Basher (Demonspawn Wanderer)               Turns: 7899, Time: 00:37:12

Health: 0/70       AC: 15    Str: 12    XL:     9   Next: 13%
Magic:  9/9        EV:  6    Int: 14    God:    Okawaru [*.....]
Gold:   452        SH:  5    Dex: 16    Spells: 8/8 levels left

rFire    . . .     SeeInvis .   a - +2 mace
rCold    . . .     Gourm    .   k - +0 buckler
rNeg     . . .     Faith    .   i - +0 chain mail
rPois    .         Spirit   .   v - +0 helmet
rElec    .         Reflect  .   u - scarf {cloud immunity}
rCorr    +         Harm     .   y - +0 pair of gloves
MR       +....                  K - +0 pair of boots
Stlth    ..........             B - amulet of magic regeneration
HPRegen  0.21/turn              E - ring of resist corrosion
MPRegen  0.36/turn              c - ring of protection from magic

@: slowed, very slow
A: rugged brown scales 2, powered by death 3, rot immunity
a: Heroism, Renounce Religion


You were on level 8 of the Dungeon.
You worshipped Okawaru.
Okawaru was aware of your devotion.
You were near starving.

You visited 2 branches of the dungeon, and saw 9 of its levels.
You also visited: Ossuary.

You collected 452 gold pieces.

Inventory:

Hand Weapons
 a - a +2 mace (weapon)
 l - a cursed -3 short sword
 o - a +2 rapier of speed
 r - a +1 rapier of speed
 L - a +0 dagger of freezing
Missiles
 F - 2 tomahawks (quivered)
 G - a throwing net
 U - 16 poisoned needles
Armour
 d - a +0 robe
 i - a +0 chain mail (worn)
 k - a +0 buckler (worn)
 u - a scarf of cloud immunity (worn)
 v - a +0 helmet (worn)
 y - a +0 pair of gloves (worn)
 K - a +0 pair of boots (worn)
Jewellery
 c - a ring of protection from magic (right hand)
 n - an uncursed ring of protection from cold
 t - an uncursed ring of magical power
 B - an amulet of magic regeneration (around neck)
 E - a ring of resist corrosion (left hand)
 V - an uncursed ring of wizardry
Wands
 I - a wand of acid (8)
 Q - a wand of flame (22)
 T - a wand of enslavement (8)
Scrolls
 g - 5 scrolls of immolation {unknown}
 h - 10 scrolls of identify {unknown}
 j - 2 scrolls of enchant weapon {unknown}
 p - 5 scrolls of teleportation {unknown}
 q - 3 scrolls of amnesia {unknown}
 s - 2 scrolls of fog {unknown}
 w - 4 scrolls of noise {unknown}
 N - 2 scrolls of magic mapping {unknown}
Potions
 e - 2 potions of haste {unknown}
 m - 6 potions of curing {unknown}
 A - a potion of cancellation {unknown}
 C - 3 potions of degeneration {unknown}
 D - 2 potions of brilliance {unknown}
 H - 4 potions of lignification
 J - 2 potions of ambrosia {unknown}
 M - 5 potions of flight {unknown}
 P - a potion of invisibility {unknown}
 R - a potion of resistance {unknown}
 W - 2 potions of magic {unknown}
Books
 b - Ynofiras's Papyrus of the Entourage

   Spells                             Type                      Level
   a - Summon Butterflies             Summoning                    1
   b - Recall                         Summoning/Translocation      3
 S - a book of Necromancy

   Spells                             Type                      Level
   a - Pain                           Necromancy                   1
   b - Animate Skeleton               Necromancy                   1
   c - Vampiric Draining              Necromancy                   3
   d - Regeneration                   Charms/Necromancy            3
   e - Animate Dead                   Necromancy                   4
   f - Control Undead                 Necromancy                   4
Comestibles
 f - 3 bread rations
 x - 2 meat rations
 z - 3 royal jellies
 O - 7 fruits


   Skills:
 + Level 4.8 Fighting
 + Level 8.3 Maces & Flails
 + Level 1.0 Throwing
 + Level 4.9 Armour
 + Level 2.2 Dodging
 + Level 0.3 Stealth
 + Level 3.2 Shields
   Level 2.0 Summonings
   Level 1.0 Translocations


You had 8 spell levels left.
You didn't know any spells.

Dungeon Overview and Level Annotations

Branches:
Dungeon (8/15)             Temple (1/1) D:4
   Lair: D:8-11

Altars:
Ashenzari
Cheibriados
Dithmenos
Elyvilon
Fedhas
Gozag
Hepliaklqana
Kikubaaqudgha
Makhleb
Nemelex Xobeh
Okawaru
Qazlal
Ru
Sif Muna
Trog
Uskayaw
Vehumet
Wu Jian
Xom
Yredelemnul
Zin
The Shining One

Annotations:
D:8 Gastronok


Innate Abilities, Weirdness & Mutations

You are mostly covered in rugged brown scales. (AC +2, +5% HP)
You regenerate a lot of health from kills.
You are immune to rotting.


Message History

Gastronok is moderately wounded.
You hit Gastronok.
Gastronok is moderately wounded.
Gastronok looks at you and mumbles some strange words.
You feel yourself slow down.
You hit Gastronok but do no damage.
Gastronok is moderately wounded.
You hit Gastronok but do no damage.
Gastronok is moderately wounded.
Gastronok's eyestalks quiver as he mumbles some strange words.
You hit Gastronok but do no damage.
Gastronok is moderately wounded.
The river rat bites you. Gastronok bites you!!
* * * LOW HITPOINT WARNING * * *
You hit Gastronok.
Gastronok is moderately wounded.
You block the river rat's attack. Gastronok bites you!
* * * LOW HITPOINT WARNING * * *
The river rat bites you.
You die...

#........#.#
#.#...#.
######.#.#.#
#.#..##. #.#.#.# .
#..### #.#...# # #
#..# # #.....# .#
#..### ####.##
##.# ##..... ###
#.# #r. ##.....# #
##.###.# ##w#.#
##.......
####...##.######@#
#.####........
'..............r##
#...'........
####...##.####.##
##.##........ #
##.###.# ##.##
##.####....... ###
... ##.###.##
##.....# ###.
##.#.## ##...## .#
##)## ##'## # #.#
#.# #.# .#


You could see Gastronok, a river rat and a rat.

Vanquished Creatures
  A wraith (D:8)
  2 phantoms
  A sky beast (D:8)
  2 centaurs (D:8)
  3 ogres
  3 bullfrogs
  A scorpion (D:7)
  A water moccasin skeleton (D:6)
  4 wights (D:7)
  2 crimson imps
  3 jellies
  An orc priest (D:8)
  A bullfrog skeleton (D:5)
  2 hounds
  A centaur skeleton (D:8)
  3 orc wizards
  Terence (D:2)
  3 worker ants
  4 big kobold zombies (Ossuary)
  A hound skeleton (D:6)
  2 mummies
  2 worker ant zombies
  Robin (D:2)
  8 adders
  2 shadow imps
  2 oozes
  6 dart slugs
  A worm (D:2)
  6 leopard geckos
  20 orcs
  3 spectral bats (Ossuary)
  7 bats
  7 giant cockroaches
  8 gnoll zombies (Ossuary)
  18 goblins
  10 hobgoblins
  11 jackals
  9 kobolds
  3 quokkas
  A ball python (D:2)
  3 bat simulacra (Ossuary)
  5 frilled lizards
  4 goblin simulacra (Ossuary)
  9 goblin zombies
  4 hobgoblin zombies
  3 kobold simulacra (Ossuary)
  2 kobold skeletons (D:6)
  5 kobold zombies
  6 orc zombies
  9 rats
  4 rat simulacra (Ossuary)
  2 spectral goblins (Ossuary)
  3 spectral kobolds (Ossuary)
  2 spectral rats (Ossuary)
228 creatures vanquished.

Notes
Turn   | Place    | Note
-------+----------+-------------------------------------------
     0 | D:1      | slep the Demonspawn Wanderer began the quest for the Orb.
     0 | D:1      | slep set off with: a +2 mace, Ynofiras's Papyrus of the Entourage, a potion of lignification, a +0 robe, a bread ration
     0 | D:1      | Reached XP level 1. HP: 16/16 MP: 1/1
   149 | D:1      | Reached skill level 3 in Maces & Flails
   226 | D:1      | Gained mutation: You are partially covered in rugged brown scales. (AC +1, +3% HP) [demonic ancestry]
   226 | D:1      | Reached XP level 2. HP: 10/22 MP: 2/2
   726 | D:1      | Reached XP level 3. HP: 27/27 MP: 3/3
  1069 | D:2      | Found a faded altar of an unknown god.
  1106 | D:2      | Reached skill level 4 in Maces & Flails
  1133 | D:2      | Noticed Terence
  1488 | D:2      | Gained mutation: You regenerate a little health from kills. [demonic ancestry]
  1488 | D:2      | Reached XP level 4. HP: 3/33 MP: 4/4
  1844 | D:2      | Reached skill level 1 in Armour
  1857 | D:2      | Noticed Robin
  1869 | D:2      | Killed Robin
  1946 | D:2      | Killed Terence
  1946 | D:2      | Gained mutation: You regenerate health from kills. [demonic ancestry]
  1946 | D:2      | Reached XP level 5. HP: 36/40 MP: 5/5
  2386 | D:3      | Found a white marble altar of Elyvilon.
  2982 | D:4      | Noticed an ogre
  3062 | D:4      | Noticed an ogre
  3166 | D:5      | Entered Level 5 of the Dungeon
  3174 | D:5      | Noticed an ogre
  3185 | D:5      | Killed an ogre
  3185 | D:5      | Reached skill level 1 in Dodging
  3185 | D:5      | Gained mutation: You are immune to rotting. [demonic ancestry]
  3185 | D:5      | Reached XP level 6. HP: 14/48 MP: 6/6
  3217 | D:5      | Reached skill level 5 in Maces & Flails
  3904 | D:4      | You fall through a shaft for 2 floors!
  3992 | D:6      | Gained mutation: You regenerate a lot of health from kills. [demonic ancestry]
  3992 | D:6      | Reached XP level 7. HP: 45/53 MP: 7/7
  4153 | D:6      | Found a glowing golden altar of the Shining One.
  4318 | D:6      | Found a sand-covered staircase.
  4334 | Ossuary  | Entered an ossuary
  4466 | Ossuary  | Reached skill level 6 in Maces & Flails
  5584 | D:4      | Gained mutation: You are mostly covered in rugged brown scales. (AC +2, +5% HP) [demonic ancestry]
  5584 | D:4      | Reached XP level 8. HP: 48/63 MP: 8/8
  5699 | D:4      | Found a staircase to the Ecumenical Temple.
  5708 | Temple   | Entered the Ecumenical Temple
  5832 | Temple   | Became a worshipper of Warmaster Okawaru
  6202 | D:7      | Reached skill level 7 in Maces & Flails
  6805 | D:7      | Reached * piety under Okawaru
  7311 | D:8      | Reached skill level 8 in Maces & Flails
  7431 | D:8      | Reached XP level 9. HP: 18/70 MP: 9/9
  7881 | D:8      | Noticed Gastronok
  7899 | D:8      | Slain by a river rat

Vault maps used:
D:1:      dpeg_arrival_leaves_temple_mockup, minmay_octomino_j4
D:2:      chequers_ecumenical_altar_simple_redux, uniq_robin, uniq_terence
D:3:      first_bread, grunt_ministairs_7, elyvilon_altar_3
D:4:      minmay_temple_entry_poolview
D:6:      nicolae_tso_besieged_by_evil, nicolae_ossuary_entry_giza,
          dk_vineyard_3
D:8:      uniq_gastronok, uniq_grum, uniq_pikel
Temple:   kilobyte_greek_temple
Ossuary:  ossuary_zaba_two_paths

Skill      XL: |  1  2  3  4  5  6  7  8  9 |
---------------+----------------------------+-----
Maces & Flails | 3 4 5 6 8 |  8.3
Armour         | 1 2 3 4 |  4.9
Fighting       | 3 4 |  4.8
Dodging        | 1 2 |  2.2
Shields        | 2 3 |  3.2
Throwing       | |  1.0
Stealth        | |  0.3
Summonings     | |  2.0
Translocations | |  1.0

Action                   |  1- 3 |  4- 6 |  7- 9 || total
-------------------------+-------+-------+-------++-------
Melee: Mace              |   151 |   276 |   685 ||  1112
Throw: Tomahawk          |       |     2 |     3 ||     5
  Use: Potion            |       |     1 |       ||     1
 Stab: Sleeping          |     1 |       |       ||     1
  Eat: Chunk             |     2 |     8 |    12 ||    22
       Fruit             |       |       |     1 ||     1
Armor: Chain mail        |   102 |   159 |   372 ||   633
       Skin              |       |    15 |       ||    15
Dodge: Dodged            |    42 |    61 |   150 ||   253
Block: Buckler           |    18 |    46 |   102 ||   166

Table legend:
 A = Spawn XP
 B = Non-spawn XP
 C = Spawn XP percentage of total XP
 D = Spawn monster count
 E = Non-spawn monster count
 F = Spawn count percentage of total count
 G = Total turns spent on level
                    A         B        C        D         E        F      G
               +---------+---------+-------+---------+---------+-------+---------
         Total |       0 |    3161 |   0.0 |       0 |     228 |   0.0 |  7899
               +---------+---------+-------+---------+---------+-------+---------
           D:1 |       0 |      60 |   0.0 |       0 |      28 |   0.0 |  1069
           D:2 |       0 |     144 |   0.0 |       0 |      40 |   0.0 |   882
           D:3 |       0 |      91 |   0.0 |       0 |      24 |   0.0 |  1029
           D:4 |       0 |     175 |   0.0 |       0 |       7 |   0.0 |   916
           D:5 |       0 |     453 |   0.0 |       0 |      15 |   0.0 |   822
           D:6 |       0 |     375 |   0.0 |       0 |      25 |   0.0 |   869
           D:7 |       0 |     822 |   0.0 |       0 |      21 |   0.0 |   930
           D:8 |       0 |     861 |   0.0 |       0 |      13 |   0.0 |   715
       Ossuary |       0 |     180 |   0.0 |       0 |      55 |   0.0 |   498
               +---------+---------+-------+---------+---------+-------+---------
